Cogmind - Beta 12 X1 @@@ ROGUE MODE // 2022.07.31 @ 20:55:43 Player: Exp. Geonium Core Result: Destroyed by P-80 Master with Gamma Rifle Performance ------------- Evolutions (7) 3500 Regions Visited (23) 4600 Robots Destroyed (179) 895 Value Destroyed (8202) 8202 Prototype IDs (33) 660 Alien Tech Used (0) 0 Bonus (7910) 7910 TOTAL SCORE: 25767 Bonus ------- High Alert Combat Kills 824 Follower Combat Kills 2833 Entered Garrisons 1600 Used RIF Installer 4000 Aligned with FarCom 300 Friendly Fire -1647 Cogmind --------- Core Integrity 0/1300 Matter 135/300 Energy 74/100 System Corruption 4% Temperature Cool (2) Movement Flying (39) Location -3/Research Parts ------- > --- POWER (1) -------- (None) > --- PROPULSION (4) --- Nuclear Pulse Array Impulse Thruster Array > --- UTILITY (13) ----- Improved Hacking Suite Relay Coupler [NC] (15) Relay Coupler [NC] (41) Relay Coupler [Swarmer] (43) Relay Coupler [Cutter] (32) Relay Coupler [Duelist] (41) Relay Coupler [Sentry] (2) Relay Coupler [Sentry] (33) Relay Coupler [Hunter] (12) Relay Coupler [Hunter] (20) Relay Coupler [Behemoth] (18) > --- WEAPON (3) ------- (None) > --- INVENTORY (5) ---- Light Particle Reactor Biometal Leg Peak State ------------ > --- POWER ------------ Light Quantum Reactor > --- PROPULSION ------- Flexi-carbon Leg Centrium Leg Centrium Leg Centrium Leg > --- UTILITY ---------- Advanced Heat Sink High-capacity Storage Unit Improved Medium Armor Plating Improved Hacking Suite Improved Hacking Suite Relay Coupler [Swarmer] Relay Coupler [Grunt] Relay Coupler [Grunt] Relay Coupler [Sentry] Relay Coupler [Specialist] Relay Coupler [Hunter] > --- WEAPON ----------- Backup Laser III Advanced Datajack Longsword +1 > --- INVENTORY -------- Light Quantum Reactor Improved Light Armor Plating Relay Coupler [NC] Relay Coupler [NC] Relay Coupler [Swarmer] Relay Coupler [Swarmer] Relay Coupler [Swarmer] Relay Coupler [Cutter] Relay Coupler [Grunt] Relay Coupler [Duelist] Relay Coupler [Duelist] Relay Coupler [Duelist] Relay Coupler [Demolisher] Relay Coupler [Demolisher] Relay Coupler [Specialist] Relay Coupler [Hunter] Relay Coupler [Hunter] Relay Coupler [Behemoth] Remote Datajack [Rating: 109] Favorites ----------- Power Light Nuclear Core Engine Ion Engine Power Core Light Nuclear Core Reactor Light Quantum Reactor Propulsion Light Treads Treads Light Treads Leg Advanced Myomer Leg Flight Unit Impulse Thruster Array Utility High-capacity Storage Unit Device Improved Heat Sink Storage High-capacity Storage Unit Processor Experimental Targeting Computer Hackware Relay Coupler [Swarmer] Protection Hardened Medium Armor Plating Weapon Longsword +1 Energy Gun Backup Laser III Energy Cannon Guided Plasma Cannon Ballistic Gun Heavy Assault Rifle Ballistic Cannon AWS/Autocannon Launcher EMP Blaster Special Weapon Remote Datajack Slashing Weapon Longsword +1 Special Melee Weapon Improved Datajack Build | -11 -10 -10 -9 -9 -9 -8 -8 -8 -8 -8 -7 -7 -7 -7 -6 -6 -5 -5 -4 -4 -3 -3 -3 ------- Run | Scr Mat Min Mat Min Exi Min Mat Gar Mat Gar Fac Gar Fac Gar Fac Gar Fac Gar Fac Gar Res Gar Res Slots Evolved 14 | . . . 2 . . . 2 . . . 2 . . . 2 . 2 . 2 . 2 . . Power . | . . . . . . . . . . . . . . . . . . . . . . . . Propulsion 2 | . . . 2 . . . . . . . . . . . . . . . . . . . . Utility 11 | . . . . . . . 1 . . . 2 . . . 2 . 2 . 2 . 2 . . Weapon 1 | . . . . . . . 1 . . . . . . . . . . . . . . . . Parts Attached 221 | . 3 4 13 6 18 . 6 23 17 18 9 11 3 13 6 15 5 13 13 6 7 4 8 Power 15 | . . . 1 . 1 . . 1 2 2 . . . 1 1 2 . 1 . 1 2 . . Engine 6 | . . . 1 . 1 . . . 1 1 . . . . 1 1 . . . . . . . Core 4 | . . . . . . . . 1 1 1 . . . 1 . . . . . . . . . Reactor 5 | . . . . . . . . . . . . . . . . 1 . 1 . 1 2 . . Propulsion 62 | . 1 2 5 3 7 . 1 3 3 2 . 7 3 4 1 5 . 6 1 2 1 2 3 Treads 23 | . . 2 2 3 2 . . . . 2 . 4 3 3 1 1 . . . . . . . Leg 37 | . 1 . 3 . 5 . 1 3 3 . . 3 . 1 . 4 . 6 1 2 1 2 1 Wheel . | . . . . . . . . . . . . . . . . . . . . . . . . Hover . | . . . . . . . . . . . . . . . . . . . . . . . . Flight 2 | . . . . . . . . . . . . . . . . . . . . . . . 2 Utility 87 | . 1 . 5 2 5 . 4 5 4 5 7 4 . 6 4 6 5 5 7 3 2 2 5 Device 7 | . 1 . . 1 2 . . 1 . 1 . . . . . . . . 1 . . . . Storage 4 | . . . 2 . 1 . . . . . . . . . 1 . . . . . . . . Processor 4 | . . . . . 1 . . 1 . . 1 . . . 1 . . . . . . . . Hackware 57 | . . . . . . . 2 2 2 2 5 3 . 6 2 6 5 5 5 3 2 2 5 Protection 15 | . . . 3 1 1 . 2 1 2 2 1 1 . . . . . . 1 . . . . Artifact . | . . . . . . . . . . . . . . . . . . . . . . . . Weapon 57 | . 1 2 2 1 5 . 1 14 8 9 2 . . 2 . 2 . 1 5 . 2 . . Energy Gun 1 | . 1 . . . . . . . . . . . . . . . . . . . . . . Energy Cannon 7 | . . . . . 2 . . 2 . 2 . . . . . . . . . . 1 . . Ballistic Gun 15 | . . 2 2 1 . . . 7 2 1 . . . . . . . . . . . . . Ballistic Cannon 2 | . . . . . . . 1 . . . . . . . . . . . . . 1 . . Launcher 6 | . . . . . 1 . . 1 2 1 . . . 1 . . . . . . . . . Special Weapon 6 | . . . . . . . . . . . 2 . . . . . . 1 3 . . . . Impact Weapon . | . . . . . . . . . . . . . . . . . . . . . . . . Slashing Weapon 11 | . . . . . 2 . . 4 2 3 . . . . . . . . . . . . . Piercing Weapon . | . . . . . . . . . . . . . . . . . . . . . . . . Special Melee Weapon 9 | . . . . . . . . . 2 2 . . . 1 . 2 . . 2 . . . . Unidentified Prototypes 9 | . . . . 1 4 . . 2 1 . . . . . . . . . . . 1 . . Parts Lost 64 | . 2 1 3 2 . . 2 4 2 4 1 2 . 6 3 4 . 2 3 5 5 12 1 Power 8 | . 1 . . . . . . . 1 1 . . . 1 . 1 . . . . 2 1 . Propulsion 21 | . . . 2 2 . . 1 2 . 1 1 1 . 2 2 . . . . . 1 6 . Utility 21 | . . . 1 . . . 1 2 1 1 . 1 . . . 2 . 1 2 2 1 5 1 Weapon 14 | . 1 1 . . . . . . . 1 . . . 3 1 1 . 1 1 3 1 . . Highest Loss Streak 12 | . 1 1 1 2 . . 2 2 2 4 1 2 . 2 3 1 . 2 1 2 5 12 1 To Critical Strikes 2 | . . . . . . . . . . . . . . . . . . . . . . 2 . Average Slot Usage (%) 93 | . 87 84 95 99 99 100 80 93 98 96 93 95 100 94 85 89 91 91 94 92 80 61 55 Engine 4 | . 6 . 6 11 11 11 9 5 . . . . . . 5 . 5 3 . . . . . Core 2 | . . . . . . . . 3 8 8 7 7 7 5 . . . . . . . . . Treads 14 | . . 8 22 27 36 . . . . 7 7 5 30 29 25 6 . . . . . . . Leg 18 | . 28 19 21 16 7 44 35 35 36 27 22 24 . . . 19 23 23 21 21 18 10 1 Device 1 | . 10 14 1 . 1 . . 1 . . . . . . . . . . . . . . . Storage 7 | . 14 14 11 11 6 11 9 9 9 9 7 7 7 7 6 6 5 5 5 5 4 2 . Processor 1 | . . . . . 2 11 1 5 . . 2 . . . 4 . . . . . . . . Hackware 17 | . . . . . . . 11 5 15 5 10 19 23 27 27 37 44 45 43 50 46 44 50 Protection 5 | . . . 9 11 11 . 4 5 1 8 10 5 7 1 . . . . 4 1 . . . Energy Gun 1 | . 13 10 . . . . . . . . . . . . . . . 1 5 2 . . . Energy Cannon 1 | . . . . . 1 . . . . 7 7 7 7 3 . . . . . . 3 . . Ballistic Gun 7 | . 14 16 22 22 7 . . 15 20 3 . . . . . . . . . . . . . Launcher 1 | . . . . . 7 11 . . 1 6 . . . 2 . . . . . . . . . Slashing Weapon 4 | . . . . . 5 11 . 2 2 7 7 7 7 7 6 6 5 5 5 4 . . . Special Melee Weapon 1 | . . . . . . . . . 2 1 5 . . 3 5 5 5 3 2 . . . . Naked Turns . | . . . . . . . . . . . . . . . . . . . . . . . . Heaviest Build 119 | 12 14 11 39 39 66 58 119 119 63 70 65 64 64 64 49 56 49 60 70 70 73 58 . Greatest Support 115 | 20 20 40 40 80 100 100 100 90 85 85 75 80 80 80 80 80 75 110 115 115 115 115 29 Greatest Overweight (x) 2 | . . . . 1 . . 1 2 . . 1 1 . 1 1 . . . . . . . . Average Overweight (x) . | . . . . . . . 1 . . . . . . . . . . . . . . . . Largest Inventory Capacity 20 | . 8 8 15 15 20 20 20 20 20 20 20 20 20 20 20 20 20 20 20 20 20 20 5 Average Capacity 16 | . 8 8 10 15 12 20 20 20 20 20 20 20 20 20 20 20 20 20 20 20 20 12 5 Most Carried 20 | . 8 8 12 15 20 20 20 20 19 20 20 20 20 20 20 20 18 20 20 20 19 16 5 Average Carried 15 | . 6 7 9 13 9 20 19 16 17 19 18 18 19 19 19 17 15 18 19 19 17 9 2 Final Capacity 20 | 8 8 8 15 15 20 20 20 20 20 20 20 20 20 20 20 20 20 20 20 20 20 5 5 Final Carried 20 | 6 7 8 12 15 20 20 20 18 17 20 17 18 19 20 18 19 15 20 20 19 16 5 2 Class Distribution -------------------- 35% | Scavenger-Mutant 24% | Bothacker-Mutant 22% | Botlord-Mutant 5% | Mutant 4% | Hacker-Mutant 4% | Scavenger-Gunner Dominant Class ---------------- Mutant | -10/Materials Scavenger-Mutant | -10/Mines Scavenger-Mutant | -9/Materials Scavenger-Mutant | -9/Mines Scavenger-Mutant | -9/Exiles Scavenger-Mutant | -8/Mines Scavenger-Gunner | -8/Materials Scavenger-Mutant | -8/Garrison Bothacker-Mutant | -8/Materials Bothacker-Mutant | -8/Garrison Bothacker-Mutant | -7/Factory Bothacker-Mutant | -7/Garrison Bothacker-Mutant | -7/Factory Bothacker-Mutant | -7/Garrison Botlord-Mutant | -6/Factory Botlord-Mutant | -6/Garrison Botlord-Mutant | -5/Factory Botlord-Mutant | -5/Garrison Botlord-Mutant | -4/Factory Hacker-Mutant | -4/Garrison Hacker-Mutant | -3/Research Mutant | -3/Garrison Mutant | -3/Research Resources | -11 -10 -10 -9 -9 -9 -8 -8 -8 -8 -8 -7 -7 -7 -7 -6 -6 -5 -5 -4 -4 -3 -3 -3 ----------- Run | Scr Mat Min Mat Min Exi Min Mat Gar Mat Gar Fac Gar Fac Gar Fac Gar Fac Gar Fac Gar Res Gar Res Matter Collected 3585 | 200 121 45 359 73 212 . 50 447 508 284 150 108 79 182 59 145 40 95 220 80 128 . . Remotely . | . . . . . . . . . . . . . . . . . . . . . . . . Salvage Created 6600 | . 209 186 748 107 430 52 745 704 512 740 277 236 156 337 76 156 57 75 280 445 72 . . Parts 352 | . 14 10 37 3 28 8 41 37 34 43 12 15 8 12 12 6 4 2 10 13 3 . . Haulers Intercepted 4 | . . . 1 . . . . . 3 . . . . . . . . . . . . . . Recyclers Shooed 2 | . 1 . . . . . . . . . . . . . 1 . . . . . . . . Parts Field Recycled . | . . . . . . . . . . . . . . . . . . . . . . . . Retrieved Matter . | . . . . . . . . . . . . . . . . . . . . . . . . Parts Self-Destructed . | . . . . . . . . . . . . . . . . . . . . . . . . Prevented . | . . . . . . . . . . . . . . . . . . . . . . . . Kills | -11 -10 -10 -9 -9 -9 -8 -8 -8 -8 -8 -7 -7 -7 -7 -6 -6 -5 -5 -4 -4 -3 -3 -3 ------- Run | Scr Mat Min Mat Min Exi Min Mat Gar Mat Gar Fac Gar Fac Gar Fac Gar Fac Gar Fac Gar Res Gar Res Combat Hostiles Destroyed 139 | . 5 6 17 2 7 . 17 21 10 19 4 6 6 8 . 1 1 1 4 3 1 . . Melee 28 | . . . . . 1 . . . . 3 1 1 4 8 . 1 1 1 4 3 . . . Guns 51 | . 5 6 17 2 . . . 9 8 4 . . . . . . . . . . . . . Cannons 50 | . . . . . 3 . 17 9 . 10 3 5 2 . . . . . . . 1 . . AOE 10 | . . . . . 3 . . 3 2 2 . . . . . . . . . . . . . Classes Destroyed 20 | . 2 2 4 . 3 1 3 1 . . 2 . . . 1 . . . . . 1 . . Worker 8 | . . . 3 1 . 2 . . . . . . . . 1 . . . . . 1 . . Builder 6 | . . . . . . 1 2 . 2 . . . . . 1 . . . . . . . . Tunneler 1 | . . . . . . . . . . . . . . . . . . . . . 1 . . Hauler 4 | . . . 1 . . . . . 3 . . . . . . . . . . . . . . Recycler 3 | . . 1 . . . . 1 . . . 1 . . . . . . . . . . . . Mechanic 1 | . . . . . . . . . . . . . . . 1 . . . . . . . . Operator 5 | . 1 . 1 . . . 2 . 1 . . . . . . . . . . . . . . Turret 1 | . . . . . 1 . . . . . . . . . . . . . . . . . . Watcher 4 | . . . . . . . 2 . 1 . 1 . . . . . . . . . . . . Swarmer 42 | . . 6 2 . . . . 7 7 9 . 2 6 3 . . . . . . . . . Grunt 51 | . 5 . 11 . . . 15 4 2 5 1 2 . 1 . 1 . . . 4 . . . Brawler 4 | . . . . . . . 1 3 . . . . . . . . . . . . . . . Duelist 2 | . . . 1 . . . . 1 . . . . . . . . . . . . . . . Sentry 25 | . . . 3 2 . . . 5 1 6 . 1 . 3 . 1 . 1 . 1 1 . . Hunter 5 | . . . . . . . . . . . 1 . . . . . . . 3 1 . . . Programmer 7 | . . . . . . . . . . . 2 1 . 1 . 1 1 . 1 . . . . Heavy 1 | . . . . . . . 1 . . . . . . . . . . . . . . . . Behemoth 1 | . . . . . . . . 1 . . . . . . . . . . . . . . . Zionite 5 | . . . . . 5 . . . . . . . . . . . . . . . . . . Assembled 6 | . . . . . 6 . . . . . . . . . . . . . . . . . . Best Kill Streak 12 | . 2 4 4 2 5 2 12 4 7 6 2 2 5 2 2 1 1 1 2 1 2 . . Combat Bots Only 8 | . 2 3 3 2 5 . 8 4 3 6 1 2 5 2 . 1 1 1 2 1 1 . . Max Kills in Single Turn 3 | . 1 1 2 1 2 1 1 3 2 2 1 1 1 1 1 1 1 1 1 1 1 . . Gunslinging 1 | . . . . . . . . 1 . . . . . . . . . . . . . . . Exploded 3 | . . . . . 2 . . 3 1 2 . . . . . . . . . . . . . Melee 1 | . . . . . 1 . . . . 1 1 1 1 1 . 1 1 1 1 1 . . . Uniques/NPCs Destroyed 4 | . . . . . 4 . . . . . . . . . . . . . . . . . . 8R-AWN (-9/Exiles) EX-HEX (-9/Exiles) EX-BIN (-9/Exiles) EX-DEC (-9/Exiles) Combat | -11 -10 -10 -9 -9 -9 -8 -8 -8 -8 -8 -7 -7 -7 -7 -6 -6 -5 -5 -4 -4 -3 -3 -3 -------- Run | Scr Mat Min Mat Min Exi Min Mat Gar Mat Gar Fac Gar Fac Gar Fac Gar Fac Gar Fac Gar Res Gar Res Damage Taken 13444 | . 417 156 988 132 436 . 817 1603 441 732 160 186 196 939 114 531 176 418 643 715 1804 1660 180 Core 3051 | . 77 32 178 . 47 . 192 130 86 120 34 25 52 182 . 95 14 170 213 103 341 834 126 Absorbed by Shields 142 | . . . . . . . . . . . . . . . . . . . . 69 . 73 . Regen/Repaired (Parts) 428 | . . . . . . . . . 150 . . . . . . . . 278 . . . . . Core Remaining (%) 62 | 100 . 56 . . . 43 . . . 4 . . . 58 . 88 . 81 . 72 . . . Volleys Fired 332 | . 32 13 60 4 30 . . 32 23 38 22 17 8 15 . . . 1 10 6 11 10 . Largest 3 | . 2 2 2 2 1 . . 3 3 2 1 1 1 1 . . . 1 1 1 1 1 . Hottest 120 | . 85 85 46 46 120 . . 120 83 120 120 120 120 120 . . . 5 5 5 66 66 . Shots Fired 605 | . 57 21 120 8 30 . 56 115 51 47 22 17 8 15 . . . 1 10 6 11 10 . Gun 343 | . 57 21 120 8 4 . . 68 47 18 . . . . . . . . . . . . . Cannon 203 | . . . . . 21 . 56 46 . 28 10 10 7 4 . . . . . . 11 10 . Launcher 12 | . . . . . 5 . . 1 4 1 . . . 1 . . . . . . . . . Special 47 | . . . . . . . . . . . 12 7 1 10 . . . 1 10 6 . . . Kinetic 424 | . 32 8 120 8 4 . 56 110 47 18 . . . . . . . . . . 11 10 . Thermal 117 | . 20 13 . . 21 . . 4 . 28 10 10 7 4 . . . . . . . . . Explosive . | . . . . . . . . . . . . . . . . . . . . . . . . Electromagnetic 17 | . 5 . . . 5 . . 1 4 1 . . . 1 . . . . . . . . . Robot Hit Streak 24 | . 21 5 15 10 21 . 24 17 5 9 17 6 12 13 . . . 5 6 9 3 4 . Robot Miss Streak 5 | . 2 3 3 . . . 3 3 3 2 1 2 . 1 . . . . 2 2 3 5 . Penetration Max 2 | . . . . . . . . 1 2 . . . . . . . . . . . . . . Secondary Targets 5 | . . 2 . . . . . 2 . 1 . . . . . . . . . . . . . Max Gunslinging Chain 2 | . . 1 . . . . . 2 . 1 . . . . . . . . . . . . . Autonomous 99 | . . . . . . . 56 43 . . . . . . . . . . . . . . . Shots Hit Robots 564 | . 43 12 93 7 27 4 41 87 35 29 23 10 11 35 7 22 10 11 29 19 4 5 . Core Hits 233 | . 13 7 36 6 27 3 19 27 20 21 2 6 6 11 3 2 1 2 9 7 4 1 . Critical Kills 7 | . . . . . . . . 2 3 2 . . . . . . . . . . . . . Critical Parts Destroyed 15 | . . 1 . . . . . 9 3 2 . . . . . . . . . . . . . Critical Strikes 36 | . 1 1 . . 1 . 2 13 6 5 . 1 1 3 . . . 1 . 1 . . . Burn 1 | . 1 . . . . . . . . . . . . . . . . . . . . . . Destroy 24 | . . 1 . . . . . 12 6 5 . . . . . . . . . . . . . Blast 3 | . . . . . . . 2 1 . . . . . . . . . . . . . . . Sever 8 | . . . . . 1 . . . . . . 1 1 3 . . . 1 . 1 . . . Melee Attacks 286 | . . . . . 18 4 . 7 15 45 13 11 6 46 7 34 15 24 22 19 . . . Impact . | . . . . . . . . . . . . . . . . . . . . . . . . Slashing 232 | . . . . . 18 4 . 7 11 42 7 11 6 41 4 14 5 21 22 19 . . . Piercing . | . . . . . . . . . . . . . . . . . . . . . . . . Sneak Attacks 37 | . . . . . . 3 . . 6 1 6 . . . 5 6 1 1 2 6 . . . Combat Hostiles 3 | . . . . . . . . . . . . . . . . . . 1 1 1 . . . Follow-up Attacks . | . . . . . . . . . . . . . . . . . . . . . . . . Damage Inflicted 19938 | . 593 190 1244 162 1563 320 3249 3378 1297 1359 637 434 410 1192 361 613 182 341 1017 964 283 149 . Guns 3506 | . 576 179 1165 115 . . . 812 432 227 . . . . . . . . . . . . . Cannons 8770 | . . . . . 758 . 3203 2492 . 786 417 337 205 162 . . . . . . 261 149 . Explosions 717 | . . . . . 79 . . 74 380 51 . . . 133 . . . . . . . . . Melee 6714 | . . . . . 726 320 . . 485 295 220 97 205 897 361 604 182 341 1017 964 . . . Ramming 231 | . 17 11 79 47 . . 46 . . . . . . . . 9 . . . . 22 . . Kinetic 9065 | . 313 44 1165 115 . . 3203 3156 432 227 . . . . . . . . . . 261 149 . Thermal 3266 | . 210 135 . . 758 . . 148 28 786 417 337 205 242 . . . . . . . . . Explosive . | . . . . . . . . . . . . . . . . . . . . . . . . Electromagnetic 662 | . 53 . . . 79 . . 74 352 51 . . . 53 . . . . . . . . . Impact . | . . . . . . . . . . . . . . . . . . . . . . . . Slashing 6714 | . . . . . 726 320 . . 485 295 220 97 205 897 361 604 182 341 1017 964 . . . Piercing . | . . . . . . . . . . . . . . . . . . . . . . . . Highest Corruption 4 | . . . . . . . . . . . 2 2 2 2 . . . . . . . 4 4 Average Corruption 2 | . . . . . . . . . . . 2 2 2 2 . . . . . . . 3 4 Corruption Purged . | . . . . . . . . . . . . . . . . . . . . . . . . Corruption Blocked . | . . . . . . . . . . . . . . . . . . . . . . . . Effects 32 | . . . . . . . . . . . 2 5 3 13 . . . . . . . 1 8 Message Errors 8 | . . . . . . . . . . . . 1 1 3 . . . . . . . 1 2 Matter Fused 7 | . . . . . . . . . . . . 1 . 3 . . . . . . . . 3 Heat Flow Errors 3 | . . . . . . . . . . . . 1 2 . . . . . . . . . . Energy Discharges 6 | . . . . . . . . . . . . 1 . 3 . . . . . . . . 2 Parts Rejected 1 | . . . . . . . . . . . 1 . . . . . . . . . . . . Data Loss (minor) 4 | . . . . . . . . . . . 1 . . 2 . . . . . . . . 1 Data Loss (major) 2 | . . . . . . . . . . . . . . 2 . . . . . . . . . Alerts 1 | . . . . . . . . . . . . 1 . . . . . . . . . . . Overload Shots . | . . . . . . . . . . . . . . . . . . . . . . . . Overflow Damage 1339 | . . . . . 39 51 426 127 189 36 184 14 . 42 41 63 2 . 103 22 . . . Projectiles 735 | . . . . . 39 . 426 127 . 36 91 14 . 2 . . . . . . . . . Explosions 17 | . . . . . . . . . 17 . . . . . . . . . . . . . . Melee 587 | . . . . . . 51 . . 172 . 93 . . 40 41 63 2 . 103 22 . . . Knockbacks 15 | . . . 1 . . . 9 . . . . . . . . . . . . . 1 4 . Impact 1 | . . . 1 . . . . . . . . . . . . . . . . . . . . Kinetic 13 | . . . . . . . 8 . . . . . . . . . . . . . 1 4 . Secondary 1 | . . . . . . . 1 . . . . . . . . . . . . . . . . Self-Inflicted Damage 20 | . . . . . 19 . . . . 1 . . . . . . . . . . . . . Shots 2 | . . . . . 1 . . . . 1 . . . . . . . . . . . . . Rammed 16 | . . . 11 5 . . . . . . . . . . . . . . . . . . . Targets Rammed 33 | . 3 2 14 6 . . 5 . . . . . . . . 1 . . . . 2 . . Kicked 13 | . 3 2 . . . . 5 . . . . . . . . 1 . . . . 2 . . Crushed 4 | . . . 3 1 . . . . . . . . . . . . . . . . . . . Highest Temperature 377 | . 48 12 5 6 282 . 3 377 54 252 234 341 222 52 . . . . . 2 8 . . Average Temperature 92 | . 26 5 1 4 112 . 3 126 15 89 92 113 92 32 . . . . . 2 4 . . Received Heat Transfer 2961 | . 216 . 378 45 . . 252 546 171 324 81 48 12 195 9 117 18 108 9 168 237 . 27 Effects 2 | . . . . . . . . 1 . . . 1 . . . . . . . . . . . Interference 1 | . . . . . . . . . . . . 1 . . . . . . . . . . . Matter Decay 1 | . . . . . . . . 1 . . . . . . . . . . . . . . . Siege Activations . | . . . . . . . . . . . . . . . . . . . . . . . . Robots Corrupted 1 | . . . . . . . . . 1 . . . . . . . . . . . . . . Combat Hostiles . | . . . . . . . . . . . . . . . . . . . . . . . . Parts Fried 4 | . . . . . . . . . 3 . . . . 1 . . . . . . . . . Impact Corruptions . | . . . . . . . . . . . . . . . . . . . . . . . . Robots Melted . | . . . . . . . . . . . . . . . . . . . . . . . . Combat Hostiles . | . . . . . . . . . . . . . . . . . . . . . . . . Parts Melted 28 | . . 1 . . 17 . 1 . . 4 3 2 . . . . . . . . . . . Heat Transferred 7086 | . 592 296 . . 1680 . . 320 100 1720 800 678 480 420 . . . . . . . . . Parts Sabotaged . | . . . . . . . . . . . . . . . . . . . . . . . . Parts Stolen . | . . . . . . . . . . . . . . . . . . . . . . . . Parts Stripped . | . . . . . . . . . . . . . . . . . . . . . . . . Power Chain Reactions 2 | . . . . . . . . . 1 . . . . 1 . . . . . . . . . Missiles Intercepted . | . . . . . . . . . . . . . . . . . . . . . . . . Alert | -11 -10 -10 -9 -9 -9 -8 -8 -8 -8 -8 -7 -7 -7 -7 -6 -6 -5 -5 -4 -4 -3 -3 -3 ------- Run | Scr Mat Min Mat Min Exi Min Mat Gar Mat Gar Fac Gar Fac Gar Fac Gar Fac Gar Fac Gar Res Gar Res Peak Influence 1272 | . 160 137 316 57 . 15 435 832 994 1237 663 512 470 1272 754 960 651 711 430 254 208 147 244 Initial 667 | . . 62 29 52 . . 5 221 405 622 648 105 268 329 667 433 504 436 373 . 131 147 40 Average 432 | . 70 118 184 29 . 4 190 525 744 963 389 334 327 791 679 768 581 571 248 148 171 109 112 Maximum Alert Level 4 | . . . 1 . . . 2 3 3 4 2 2 2 4 3 3 2 3 2 1 1 . 1 Low Security (%) 32 | . 100 100 48 100 . 100 45 . . . 18 25 . . . . . . 37 62 93 100 87 Level 1 18 | . . . 51 . . . 40 28 . . 26 27 78 4 . . . . 61 37 6 . 12 Level 2 25 | . . . . . . . 14 46 34 8 54 46 21 26 94 30 100 94 1 . . . . Level 3 20 | . . . . . . . . 25 65 77 . . . 53 5 69 . 5 . . . . . Level 4 2 | . . . . . . . . . . 14 . . . 15 . . . . . . . . . Level 5 . | . . . . . . . . . . . . . . . . . . . . . . . . High Security . | . . . . . . . . . . . . . . . . . . . . . . . . Max Security . | . . . . . . . . . . . . . . . . . . . . . . . . Squads Dispatched 33 | . 1 1 5 . . . 2 . 4 . 5 . . . 2 . 2 . 8 . 2 . 1 Investigation 4 | . . . 2 . . . 1 . . . . . . . . . . . 1 . . . . Extermination 2 | . . . . . . . . . . . 1 . . . . . 1 . . . . . . Reinforcement 20 | . 1 . 3 . . . 1 . 4 . 3 . . . . . 1 . 4 . 2 . 1 Assault 2 | . . 1 . . . . . . . . . . . . 1 . . . . . . . . Garrison 5 | . . . . . . . . . . . 1 . . . 1 . . . 3 . . . . Intercept . | . . . . . . . . . . . . . . . . . . . . . . . . Searches Triggered . | . . . . . . . . . . . . . . . . . . . . . . . . Construction Impeded 4 | . . . . . . . . . 2 . 1 . . . . . . . . . 1 . . Haulers Reinforced 1 | . . . . . . . . . . . . . . . . . . . . . 1 . . Active Scanning Responses . | . . . . . . . . . . . . . . . . . . . . . . . . Cargo Convoy Interrupts . | . . . . . . . . . . . . . . . . . . . . . . . . Stealth | -11 -10 -10 -9 -9 -9 -8 -8 -8 -8 -8 -7 -7 -7 -7 -6 -6 -5 -5 -4 -4 -3 -3 -3 --------- Run | Scr Mat Min Mat Min Exi Min Mat Gar Mat Gar Fac Gar Fac Gar Fac Gar Fac Gar Fac Gar Res Gar Res Distress Signals 11 | . 2 . 2 . . . 1 . 2 . 1 . . . . . . . . . 2 . 1 Communications Jammed . | . . . . . . . . . . . . . . . . . . . . . . . . Distress Signals . | . . . . . . . . . . . . . . . . . . . . . . . . Times Spotted 482 | . 16 5 30 2 92 . 18 21 32 25 14 14 8 38 8 39 15 9 20 20 21 15 20 Peak Tracking Total 16 | . 5 3 3 2 11 . 6 5 8 10 5 3 4 8 4 12 6 4 5 4 12 16 12 Tactical Retreats 44 | . 1 . . . 25 . . . 5 . . . 1 1 . . . 2 1 1 4 . 3 Traps | -11 -10 -10 -9 -9 -9 -8 -8 -8 -8 -8 -7 -7 -7 -7 -6 -6 -5 -5 -4 -4 -3 -3 -3 ------- Run | Scr Mat Min Mat Min Exi Min Mat Gar Mat Gar Fac Gar Fac Gar Fac Gar Fac Gar Fac Gar Res Gar Res Traps Triggered 15 | . . . . . . . 1 4 . 3 . 1 . . . 1 1 2 . 1 . 1 . Indirectly . | . . . . . . . . . . . . . . . . . . . . . . . . Trap Hack Attempts . | . . . . . . . . . . . . . . . . . . . . . . . . Triggered . | . . . . . . . . . . . . . . . . . . . . . . . . Disarmed . | . . . . . . . . . . . . . . . . . . . . . . . . Reprogrammed . | . . . . . . . . . . . . . . . . . . . . . . . . Reused 2 | . . . . . 2 . . . . . . . . . . . . . . . . . . Traps Extracted . | . . . . . . . . . . . . . . . . . . . . . . . . Installed 3 | . . . . . 3 . . . . . . . . . . . . . . . . . . Triggered . | . . . . . . . . . . . . . . . . . . . . . . . . Most Traps Carried 3 | . . 3 3 3 3 . . . . . . . . . . . . . . . . . . Exploded 3 | . . . . . 3 . . . . . . . . . . . . . . . . . . Machines | -11 -10 -10 -9 -9 -9 -8 -8 -8 -8 -8 -7 -7 -7 -7 -6 -6 -5 -5 -4 -4 -3 -3 -3 ---------- Run | Scr Mat Min Mat Min Exi Min Mat Gar Mat Gar Fac Gar Fac Gar Fac Gar Fac Gar Fac Gar Res Gar Res Machines Disabled 25 | . . 1 . . 2 . 1 1 . 7 . 2 . 3 1 2 . 2 . 3 . . . Max in Single Turn 1 | . . 1 . . 1 . 1 1 . 1 . 1 . 1 . 1 . 1 . 1 . . . Garrison Relay 15 | . . . . . . . . 2 . 2 . 2 . 3 . 2 . 2 . 2 . . . Machines Sabotaged . | . . . . . . . . . . . . . . . . . . . . . . . . Garrisons Compromised . | . . . . . . . . . . . . . . . . . . . . . . . . Overloaded Fab Kills . | . . . . . . . . . . . . . . . . . . . . . . . . Hacking | -11 -10 -10 -9 -9 -9 -8 -8 -8 -8 -8 -7 -7 -7 -7 -6 -6 -5 -5 -4 -4 -3 -3 -3 --------- Run | Scr Mat Min Mat Min Exi Min Mat Gar Mat Gar Fac Gar Fac Gar Fac Gar Fac Gar Fac Gar Res Gar Res Machines Accessed 39 | . 3 . 5 1 1 . 6 2 1 2 1 1 2 2 1 3 1 2 1 1 2 . 1 Terminals 29 | . 3 . 5 . . . 5 2 . 2 . 1 1 2 . 3 . 2 . 1 1 . 1 Fabricators . | . . . . . . . . . . . . . . . . . . . . . . . . Repair Stations . | . . . . . . . . . . . . . . . . . . . . . . . . Recycling Units . | . . . . . . . . . . . . . . . . . . . . . . . . Scanalyzers . | . . . . . . . . . . . . . . . . . . . . . . . . Garrison Access 8 | . . . . . . . 1 . 1 . 1 . 1 . 1 . 1 . 1 . 1 . . Total Hacks 82 | . 10 . 10 1 1 . 11 3 1 3 3 4 5 4 2 5 2 5 3 2 5 . 2 Successful 27 | . 2 . . 1 1 . 5 2 1 . 1 1 3 1 1 1 1 . 3 . 2 . 1 Failed 55 | . 8 . 10 . . . 6 1 . 3 2 3 2 3 1 4 1 5 . 2 3 . 1 Catastrophic 13 | . 2 . 4 . . . 1 . . 2 . . 1 . . 1 . . . . 1 . 1 Database Lockouts . | . . . . . . . . . . . . . . . . . . . . . . . . Manual 44 | . 11 . 10 . 1 . 9 1 . 1 2 . 1 . 1 1 1 . 2 . 3 . . Terminals 62 | . 10 . 10 . . . 10 3 . 3 . 4 3 4 . 5 . 5 . 2 1 . 2 Fabricators . | . . . . . . . . . . . . . . . . . . . . . . . . Repair Stations . | . . . . . . . . . . . . . . . . . . . . . . . . Recycling Units . | . . . . . . . . . . . . . . . . . . . . . . . . Scanalyzers . | . . . . . . . . . . . . . . . . . . . . . . . . Garrison Access 18 | . . . . . . . 1 . 1 . 3 . 2 . 2 . 2 . 3 . 4 . . Terminal Hacks 14 | . 2 . . 1 1 . 1 2 . . . 1 2 1 . 1 . . . . 1 . 1 Part Schematic 1 | . . . . . . . . . . . . . . . . . . . . . . . 1 Robot Schematic 1 | . 1 . . . . . . . . . . . . . . . . . . . . . . Robot Analysis 1 | . 1 . . . . . . . . . . . . . . . . . . . . . . Open Door 1 | . . . . 1 . . . . . . . . . . . . . . . . . . . Emergency Access Points 3 | . . . . . . . . 1 . . . . 1 1 . . . . . . . . . Garrison Index 1 | . . . . . . . 1 . . . . . . . . . . . . . . . . Registered Components 2 | . . . . . . . . . . . . . 1 . . . . . . . 1 . . Garrison Registry 2 | . . . . . . . . 1 . . . 1 . . . . . . . . . . . Patrol Navigation 1 | . . . . . . . . . . . . . . . . 1 . . . . . . . EX-Prototype ID Bank 1 | . . . . . 1 . . . . . . . . . . . . . . . . . . Fabricator Hacks . | . . . . . . . . . . . . . . . . . . . . . . . . Repair Station Hacks . | . . . . . . . . . . . . . . . . . . . . . . . . Recycling Unit Hacks . | . . . . . . . . . . . . . . . . . . . . . . . . Scanalyzer . | . . . . . . . . . . . . . . . . . . . . . . . . Garrison Access Hacks 8 | . . . . . . . 1 . 1 . 1 . 1 . 1 . 1 . 1 . 1 . . Unlock Access 8 | . . . . . . . 1 . 1 . 1 . 1 . 1 . 1 . 1 . 1 . . Unauthorized Hacks 5 | . . . . . . . 3 . . . . . . . . . . . 2 . . . . Terminals 3 | . . . . . . . 3 . . . . . . . . . . . . . . . . Botnet 3 | . . . . . . . 3 . . . . . . . . . . . . . . . . Fabricators . | . . . . . . . . . . . . . . . . . . . . . . . . Repair Stations . | . . . . . . . . . . . . . . . . . . . . . . . . Recycling Units . | . . . . . . . . . . . . . . . . . . . . . . . . Scanalyzers . | . . . . . . . . . . . . . . . . . . . . . . . . Garrison Access 2 | . . . . . . . . . . . . . . . . . . . 2 . . . . Restock 1 | . . . . . . . . . . . . . . . . . . . 1 . . . . Reprogram 1 | . . . . . . . . . . . . . . . . . . . 1 . . . . Data Cores Recovered . | . . . . . . . . . . . . . . . . . . . . . . . . Used . | . . . . . . . . . . . . . . . . . . . . . . . . Hacking Detections 33 | . 3 . 5 . . . 4 2 . 2 1 1 2 2 1 2 1 2 1 1 2 . 1 Full Trace Events 4 | . . . 2 . . . . . . . . 1 . . . . . 1 . . . . . Feedback Events . | . . . . . . . . . . . . . . . . . . . . . . . . Feedback Blocked . | . . . . . . . . . . . . . . . . . . . . . . . . Robot Schematics Acquired 1 | . 1 . . . . . . . . . . . . . . . . . . . . . . Robots Built . | . . . . . . . . . . . . . . . . . . . . . . . . Authchips . | . . . . . . . . . . . . . . . . . . . . . . . . Time . | . . . . . . . . . . . . . . . . . . . . . . . . Total Robot Build Rating . | . . . . . . . . . . . . . . . . . . . . . . . . Part Schematics Acquired 1 | . . . . . . . . . . . . . . . . . . . . . . . 1 Parts Built . | . . . . . . . . . . . . . . . . . . . . . . . . Authchips . | . . . . . . . . . . . . . . . . . . . . . . . . Time . | . . . . . . . . . . . . . . . . . . . . . . . . Total Part Build Rating . | . . . . . . . . . . . . . . . . . . . . . . . . Parts Repaired . | . . . . . . . . . . . . . . . . . . . . . . . . Time . | . . . . . . . . . . . . . . . . . . . . . . . . Parts Recycled . | . . . . . . . . . . . . . . . . . . . . . . . . Recycled Matter . | . . . . . . . . . . . . . . . . . . . . . . . . Retrieved Matter . | . . . . . . . . . . . . . . . . . . . . . . . . Retrieved Components . | . . . . . . . . . . . . . . . . . . . . . . . . Parts Scanalyzed . | . . . . . . . . . . . . . . . . . . . . . . . . Part Schematics Acquired . | . . . . . . . . . . . . . . . . . . . . . . . . Parts Damaged . | . . . . . . . . . . . . . . . . . . . . . . . . Bothacking | -11 -10 -10 -9 -9 -9 -8 -8 -8 -8 -8 -7 -7 -7 -7 -6 -6 -5 -5 -4 -4 -3 -3 -3 ------------ Run | Scr Mat Min Mat Min Exi Min Mat Gar Mat Gar Fac Gar Fac Gar Fac Gar Fac Gar Fac Gar Res Gar Res Used RIF Installer 8 | . . . . . . . . 1 . 1 . 1 . 1 . 1 . 1 . 1 . 1 . Coupler Efficiency 1 | . . . . . . . . . . 1 . . . . . . . . . . . . . Command Fork 1 | . . . . . . . . . . . . 1 . . . . . . . . . . . Threat Obfuscator 1 | . . . . . . . . . . . . . . . . 1 . . . . . . . Watcher Feeds 1 | . . . . . . . . . . . . . . . . . . . . 1 . . . Structural Interface 1 | . . . . . . . . . . . . . . . . . . 1 . . . . . Program Shield 1 | . . . . . . . . . . . . . . . . . . . . . . 1 . Autooverride 1 | . . . . . . . . . . . . . . 1 . . . . . . . . . Robots Hacked 82 | . . . . . . . . . 4 3 9 4 1 10 3 16 7 5 7 9 2 1 1 Non-combat 6 | . . . . . . . . . 1 . 3 . . . . . 1 . 1 . . . . Combat 76 | . . . . . . . . . 3 3 6 4 1 10 3 16 6 5 6 9 2 1 1 Autooverrided 21 | . . . . . . . . . . . . . . . 1 5 2 1 2 6 2 1 1 Robot Hacks Applied 69 | . . . . . . . . . 4 3 13 4 1 10 2 11 6 4 7 4 . . . parse_system 1 | . . . . . . . . . 1 . . . . . . . . . . . . . . purge_threat 4 | . . . . . . . . . . . 3 . . . . . . . 1 . . . . map_route 1 | . . . . . . . . . . . 1 . . . . . . . . . . . . find_garrison 4 | . . . . . . . . . 1 . 1 . 1 . . . 1 . . . . . . scatter_targeting 2 | . . . . . . . . . . . . 1 . . . . . . . 1 . . . reboot_system 2 | . . . . . . . . . . . . . . . . 1 . . 1 . . . . overwrite_iff 8 | . . . . . . . . . . 2 1 . . 3 . . . . 2 . . . . streamctrl_high 1 | . . . . . . . . . . 1 . . . . . . . . . . . . . formatsys_low 5 | . . . . . . . . . 1 . 2 . . . . . 1 . 1 . . . . formatsys_high 41 | . . . . . . . . . 1 . 5 3 . 7 2 10 4 4 2 3 . . . Relay Couplers Released 66 | . . . . . . . . 10 . 8 . 9 . 12 . 8 . 8 3 8 . . . Machine Destruction 63 | . . . . . . . . 10 . 8 . 9 . 12 . 8 . 8 . 8 . . . Programmers 3 | . . . . . . . . . . . . . . . . . . . 3 . . . . Attached 48 | . . . . . . . . . 2 2 5 3 . 4 2 6 5 2 5 3 2 2 5 Fabnet Peak Effective % . | . . . . . . . . . . . . . . . . . . . . . . . . Robots Rewired 1 | . . . . . . . . . . . . . . . . 1 . . . . . . . Allies Hacked 6 | . . . . . . . . . . . . . . 2 . . 2 . 2 . . . . Hacks Repelled . | . . . . . . . . . . . . . . . . . . . . . . . . Allies | -11 -10 -10 -9 -9 -9 -8 -8 -8 -8 -8 -7 -7 -7 -7 -6 -6 -5 -5 -4 -4 -3 -3 -3 -------- Run | Scr Mat Min Mat Min Exi Min Mat Gar Mat Gar Fac Gar Fac Gar Fac Gar Fac Gar Fac Gar Res Gar Res Total Allies 87 | . . 1 . . . . . . 2 3 8 3 . 12 4 18 9 5 8 10 2 1 1 Largest Group 9 | . . 1 1 . . . . . 1 2 5 6 5 6 9 8 9 6 6 6 1 1 . Highest-Rated Group 388 | . . 31 31 . . . . . 16 32 114 138 126 266 388 343 257 185 179 363 47 30 . Highest-Rated Ally 148 | . . 31 31 . . . . . 16 16 32 32 32 95 95 148 41 49 54 95 47 30 . Total Orders 7 | . . . . . . . . . 1 . . . . . . 3 . 1 2 . . . . STAY 4 | . . . . . . . . . . . . . . . . 2 . . 2 . . . . FOLLOW 1 | . . . . . . . . . . . . . . . . 1 . . . . . . . AID 2 | . . . . . . . . . 1 . . . . . . . . 1 . . . . . Ally Attacks 493 | . . . 4 . 19 . . . 31 13 13 29 8 71 16 137 48 14 31 47 6 4 2 Total Damage 13235 | . . . 82 . 74 . . . 1381 179 144 468 195 1824 1010 3419 711 523 815 2219 107 61 23 Kills 98 | . . . 1 . . . . . 15 2 . 4 3 22 4 24 9 3 2 8 . 1 . Allies Corrupted . | . . . . . . . . . . . . . . . . . . . . . . . . Allies Melted . | . . . . . . . . . . . . . . . . . . . . . . . . Turrets Deployed 1 | . . . . . . . . . 1 . . . . . . . . . . . . . . Intel | -11 -10 -10 -9 -9 -9 -8 -8 -8 -8 -8 -7 -7 -7 -7 -6 -6 -5 -5 -4 -4 -3 -3 -3 ------- Run | Scr Mat Min Mat Min Exi Min Mat Gar Mat Gar Fac Gar Fac Gar Fac Gar Fac Gar Fac Gar Res Gar Res Robot Analysis Total 1 | . 1 . . . . . . . . . . . . . . . . . . . . . . Derelict Logs Recovered 2 | . . 1 . 1 . . . . . . . . . . . . . . . . . . . Drone Launches 8 | . . . . . 8 . . . . . . . . . . . . . . . . . . Drone Recoveries 5 | . . . . . 5 . . . . . . . . . . . . . . . . . . Exploration | -11 -10 -10 -9 -9 -9 -8 -8 -8 -8 -8 -7 -7 -7 -7 -6 -6 -5 -5 -4 -4 -3 -3 -3 ------------- Run | Scr Mat Min Mat Min Exi Min Mat Gar Mat Gar Fac Gar Fac Gar Fac Gar Fac Gar Fac Gar Res Gar Res Turns Passed 15244 | . 314 536 1284 1060 2038 216 511 868 496 1046 491 469 374 1176 437 1034 250 824 567 716 240 104 193 Spaces Moved 9298 | 1 170 376 639 437 1179 161 235 507 296 562 333 293 205 621 247 729 177 595 316 540 173 112 394 Core 262 | . . . . . . . . . . . . . . . . . . . . . . 88 174 Treads 3270 | . . 91 639 437 870 . . . . . . 41 205 621 247 119 . . . . . . . Legs 5546 | 1 170 285 . . 309 161 235 507 296 562 333 252 . . . 610 177 595 316 540 173 24 . Wheels . | . . . . . . . . . . . . . . . . . . . . . . . . Hover . | . . . . . . . . . . . . . . . . . . . . . . . . Flight 220 | . . . . . . . . . . . . . . . . . . . . . . . 220 Fastest Speed 39 | 120 120 120 160 160 126 130 195 120 120 120 120 120 160 160 160 120 120 120 120 120 120 50 39 Average Speed 133 | 120 120 129 160 160 151 130 198 136 120 120 122 126 160 160 160 126 120 120 120 120 120 65 46 Slowest Speed 260 | 120 120 160 160 240 160 130 200 260 120 120 190 190 160 240 240 160 120 120 120 120 120 120 50 Overloaded Moves . | . . . . . . . . . . . . . . . . . . . . . . . . Propulsion Burnouts . | . . . . . . . . . . . . . . . . . . . . . . . . Robots Hopped 3 | . . . . . . . . . . . . . . . . . . . . . . . 3 Cave-ins Triggered . | . . . . . . . . . . . . . . . . . . . . . . . . Exploration Rate (%) 44 | 1 36 85 64 86 88 49 33 68 31 77 14 49 9 75 8 78 6 71 8 72 7 39 18 Regions Visited 23 Branch Regions 4 Pre-discovered Areas 1 | . . . . 1 . . . . . . . . . . . . . . . . . . . Known Exits Taken 8 | . . . . . . . 1 . 1 . 1 . 1 . 1 . 1 . 1 . 1 . . Unknown Exits Taken 7 | 1 1 1 1 1 1 1 . . . . . . . . . . . . . . . . . Scrap Searched 6 | . . 1 . 2 . 3 . . . . . . . . . . . . . . . . . Spaces Dug 39 | . . . . . . . . . 4 22 2 . 2 . . 1 . 8 . . . . . Terrain Destroyed 103 | . . . . . . . 17 19 13 25 2 . 2 3 . 1 . 8 . . 7 6 . Melee 38 | . . . . . . . . . 4 22 2 . 1 . . 1 . 8 . . . . . Projectile 60 | . . . . . . . 17 18 8 3 . . 1 . . . . . . . 7 6 . AOE 4 | . . . . . . . . . 1 . . . . 3 . . . . . . . . . Terrain Rammed . | . . . . . . . . . . . . . . . . . . . . . . . . Walls Destroyed . | . . . . . . . . . . . . . . . . . . . . . . . . Machines Disabled . | . . . . . . . . . . . . . . . . . . . . . . . . Actions | -11 -10 -10 -9 -9 -9 -8 -8 -8 -8 -8 -7 -7 -7 -7 -6 -6 -5 -5 -4 -4 -3 -3 -3 --------- Run | Scr Mat Min Mat Min Exi Min Mat Gar Mat Gar Fac Gar Fac Gar Fac Gar Fac Gar Fac Gar Res Gar Res Total 11392 | . 222 405 783 784 1393 164 276 611 374 839 387 369 241 752 281 826 209 688 475 587 192 133 401 Wait 922 | . 11 1 36 326 92 . 19 30 16 156 2 16 5 30 18 14 7 32 106 5 . . . Move 9274 | . 169 375 638 436 1178 160 235 506 296 561 333 292 205 620 247 728 176 594 315 539 172 111 388 Hop 3 | . . . . . . . . . . . . . . . . . . . . . . . 3 Pick Up 133 | . 2 4 12 4 26 . 7 7 . 9 2 10 6 12 . 11 1 10 4 5 . . 1 Fast Attach 60 | . 2 4 4 2 6 . 1 4 4 4 2 2 . 3 4 4 . 2 4 1 4 . 3 Attach 85 | . . . 5 1 5 . 5 8 2 2 5 7 . 7 1 8 5 5 6 1 3 4 5 Detach 5 | . . . . . 1 . . . . . . . . . . . . 1 2 . . . 1 Swap 76 | . 1 . 4 3 7 . . 11 11 12 2 2 3 3 1 3 . 6 3 4 . . . Drop 124 | . 2 6 10 2 27 . 4 6 5 7 1 6 8 9 2 7 . 12 1 7 . 2 . Fire 332 | . 32 13 60 4 30 . . 32 23 38 22 17 8 15 . . . 1 10 6 11 10 . Melee 286 | . . . . . 18 4 . 7 15 45 13 11 6 46 7 34 15 24 22 19 . . . Ram . | . . . . . . . . . . . . . . . . . . . . . . . . Kick 13 | . 3 2 . . . . 5 . . . . . . . . 1 . . . . 2 . . Crush 20 | . . . 14 6 . . . . . . . . . . . . . . . . . . . Escape Stasis 20 | . . . . . . . . . . 5 . 5 . . . 4 . . . . . 6 . Rewire 36 | . . . . . . . . . 2 . 5 1 . 7 1 12 5 1 2 . . . . Trap 3 | . . . . . 3 . . . . . . . . . . . . . . . . . . Miscellaneous . | . . . . . . . . . . . . . . . . . . . . . . . . Route ------- -11/Scrapyard -10/Materials -10/Mines -9/Materials (discovered 2 exits: *Mat / *Min) -9/Mines (discovered 3 exits: *Mat x2 / *Exi) -9/Exiles (discovered 2 exits: [*Min x2]) -8/Mines -8/Materials (discovered 2 exits: *Fac / Gar) -8/Garrison (discovered 3 exits: *Mat x3) -8/Materials -8/Garrison (discovered 3 exits: *Fac x3) -7/Factory -7/Garrison (discovered 3 exits: *Fac x3) -7/Factory (discovered 2 exits: *Fac / Gar) -7/Garrison (discovered 3 exits: *Fac x3) -6/Factory (discovered 2 exits: [*Low] / Gar) -6/Garrison (discovered 4 exits: *Fac x3 / [*Fac]) -5/Factory (discovered 3 exits: *Fac / [*Upp] / Gar) -5/Garrison (discovered 3 exits: *Fac x3) -4/Factory (discovered 2 exits: [*Upp] / Gar) -4/Garrison (discovered 3 exits: *Res x3) -3/Research -3/Garrison -3/Research (discovered 1 exit: [*Res]) History --------- Turn | Location | Event 1 | -11/Scrapyard | Discovered new exit (range 0) 1 | -11/Scrapyard | Entered Materials 278 | -10/Materials | Discovered new exit (range 11) 309 | -10/Materials | Build established: Mutant 315 | -10/Materials | Entered Mines 655 | -10/Mines | Build established: Scavenger-Mutant 657 | -10/Mines | Learned Materials security intel 671 | -10/Mines | Found a hidden stash of uninstalled traps 836 | -10/Mines | Discovered new exit (range 10) 845 | -10/Mines | Met a Derelict testing a Signal Generator 851 | -10/Mines | Entered Materials 851 | -9/Materials | Accompanied by 1 ally 851 | -9/Materials | Evolved 2 slots: Propulsion x2 1602 | -9/Materials | Discovered new exit (range 9) 2127 | -9/Materials | Discovered new exit (range 6) 2135 | -9/Materials | Entered Mines 2158 | -9/Mines | Met a Derelict bent on vengeance 2239 | -9/Mines | Discovered new exit (range 8) 2254 | -9/Mines | Discovered new exit (range 10) 2364 | -9/Mines | A weapon hastily lodged in a ceiling crevice suddenly fell to the ground 2598 | -9/Mines | Assembled infested the area 2603 | -9/Mines | Assisted by a Guerilla fighting off Assembled 2619 | -9/Mines | Found the Drone Emporium 2626 | -9/Mines | Found Prototype Device 2648 | -9/Mines | Learned location of Zion (-7) 2686 | -9/Mines | Identified Thief Drone Bay 3189 | -9/Mines | Deemed a non-threat by the Exiles lab entrance 3189 | -9/Mines | Discovered new exit (range 5) 3195 | -9/Mines | Entered Exiles 3219 | -9/Exiles | Discovered new exit (range 15) 3243 | -9/Exiles | Met 8R-AWN 3271 | -9/Exiles | Met EX-HEX 3344 | -9/Exiles | Met EX-DEC 3649 | -9/Exiles | Met EX-BIN 3667 | -9/Exiles | Aligned with FarCom system 3668 | -9/Exiles | Given EX-Vault access code 3708 | -9/Exiles | Opened EX-Vault 3716 | -9/Exiles | Found AWS/Autocannon 3722 | -9/Exiles | Found Gui. Plasma Cannon 3725 | -9/Exiles | Found Longsword +1 3758 | -9/Exiles | Warned to stay clear of 0b10 Research branches 3882 | -9/Exiles | Attacked by the Exiles 3938 | -9/Exiles | Core integrity fell below 50% 4007 | -9/Exiles | Destroyed 8R-AWN 4204 | -9/Exiles | Destroyed EX-HEX 4246 | -9/Exiles | Destroyed EX-BIN 4268 | -9/Exiles | Destroyed EX-DEC 4772 | -9/Exiles | Found Prototype Ballistic Gun 4776 | -9/Exiles | Found Prototype Device 4776 | -9/Exiles | Identified AS-neutralizer No. 17b 4781 | -9/Exiles | Found Prototype Processor 4781 | -9/Exiles | Identified Exp. Targeting Computer 4969 | -9/Exiles | Found Deploy-a-Sentry 5223 | -9/Exiles | Discovered new exit (range 10) 5233 | -9/Exiles | Stole four prototypes: Longsword +1, Gui. Plasma Cannon, AWS/Autocannon, Deploy-a-Sentry 5233 | -9/Exiles | Entered Mines 5443 | -8/Mines | Discovered new exit (range 5) 5449 | -8/Mines | Entered Materials 5449 | -8/Materials | Evolved 2 slots: Utility x1, Weapon x1 5708 | -8/Materials | Destroyed 8 combat bots 5747 | -8/Materials | Build established: Scavenger-Gunner 5750 | -8/Materials | Discovered new exit (range 10) 5960 | -8/Materials | Identified exit to Garrison 5960 | -8/Materials | Entered Garrison 6006 | -8/Garrison | Triggered checkpoint 6024 | -8/Garrison | Spotted B-75 Beast 6087 | -8/Garrison | Core integrity fell below 50% 6135 | -8/Garrison | Destroyed B-75 Beast 6202 | -8/Garrison | Triggered checkpoint 6219 | -8/Garrison | Identified 8R-AWN's Boregun 6219 | -8/Garrison | Found 8R-AWN's Boregun 6281 | -8/Garrison | Discovered new exit (range 10) 6316 | -8/Garrison | Triggered checkpoint 6424 | -8/Garrison | Triggered checkpoint 6594 | -8/Garrison | Discovered new exit (range 13) 6645 | -8/Garrison | Discovered new exit (range 20) 6645 | -8/Garrison | Discovered new exit (range 61) 6645 | -8/Garrison | Discovered new exit (range 65) 6688 | -8/Garrison | Triggered checkpoint 6703 | -8/Garrison | Garrison Relay disabled 6754 | -8/Garrison | Triggered checkpoint 6781 | -8/Garrison | Build established: Scavenger-Mutant 6808 | -8/Garrison | Installed Relay Interface Framework 6828 | -8/Garrison | Entered Materials 6958 | -8/Materials | DAS Turret deployed 7324 | -8/Materials | Identified exit to Garrison 7324 | -8/Materials | Entered Garrison 7379 | -8/Garrison | Triggered checkpoint 7413 | -8/Garrison | Garrison Relay disabled 7428 | -8/Garrison | Core integrity fell below 20% 7468 | -8/Garrison | Lost 4 parts (1p1n1u1w) 7535 | -8/Garrison | Triggered checkpoint 7624 | -8/Garrison | Discovered new exit (range 10) 7652 | -8/Garrison | Triggered checkpoint 7675 | -8/Garrison | Garrison Relay disabled 7713 | -8/Garrison | Build established: Bothacker-Mutant 7912 | -8/Garrison | Triggered checkpoint 8074 | -8/Garrison | Discovered new exit (range 10) 8161 | -8/Garrison | Triggered checkpoint 8290 | -8/Garrison | Triggered checkpoint 8314 | -8/Garrison | Expanded RIF knowledge: Coupler Efficiency 8353 | -8/Garrison | Discovered new exit (range 15) 8370 | -8/Garrison | Entered Factory 8370 | -7/Factory | Evolved 2 slots: Utility x2 8807 | -7/Factory | Garrison activated, responded to threat 8861 | -7/Factory | Identified exit to Garrison 8861 | -7/Factory | Entered Garrison 8861 | -7/Garrison | Accompanied by 5 allies 8918 | -7/Garrison | Triggered checkpoint 8982 | -7/Garrison | Garrison Relay disabled 9045 | -7/Garrison | Discovered new exit (range 30) 9045 | -7/Garrison | Discovered new exit (range 54) 9045 | -7/Garrison | Discovered new exit (range 79) 9074 | -7/Garrison | Triggered checkpoint 9108 | -7/Garrison | Triggered checkpoint 9172 | -7/Garrison | Triggered checkpoint 9208 | -7/Garrison | Expanded RIF knowledge: Command Fork 9242 | -7/Garrison | Garrison Relay disabled 9330 | -7/Garrison | Entered Factory 9330 | -7/Factory | Accompanied by 5 allies 9629 | -7/Factory | Discovered new exit (range 8) 9704 | -7/Factory | Identified exit to Garrison 9704 | -7/Factory | Entered Garrison 9704 | -7/Garrison | Accompanied by 1 ally 9791 | -7/Garrison | Garrison Relay disabled 9914 | -7/Garrison | Triggered checkpoint 10003 | -7/Garrison | Discovered new exit (range 15) 10274 | -7/Garrison | Triggered checkpoint 10301 | -7/Garrison | Garrison Relay disabled 10388 | -7/Garrison | Triggered checkpoint 10397 | -7/Garrison | Triggered checkpoint 10477 | -7/Garrison | Discovered new exit (range 9) 10538 | -7/Garrison | Triggered checkpoint 10599 | -7/Garrison | Found embedded Infiltrators 10752 | -7/Garrison | Triggered checkpoint 10780 | -7/Garrison | Expanded RIF knowledge: Autooverride 10814 | -7/Garrison | Garrison Relay disabled 10848 | -7/Garrison | Discovered new exit (range 8) 10880 | -7/Garrison | Entered Factory 10880 | -6/Factory | Accompanied by 6 allies 10880 | -6/Factory | Evolved 2 slots: Utility x2 10884 | -6/Factory | Discovered new exit (range 16) 11076 | -6/Factory | Build established: Botlord-Mutant 11230 | -6/Factory | First assault squad dispatched 11268 | -6/Factory | Garrison activated, responded to threat 11299 | -6/Factory | Identified exit to Garrison 11311 | -6/Factory | Lost 3 parts (2n1w) 11317 | -6/Factory | Entered Garrison 11317 | -6/Garrison | Accompanied by 8 allies 11318 | -6/Garrison | Triggered checkpoint 11368 | -6/Garrison | Triggered checkpoint 11393 | -6/Garrison | Garrison Relay disabled 11507 | -6/Garrison | Discovered new exit (range 6) 11618 | -6/Garrison | Triggered checkpoint 11618 | -6/Garrison | Triggered checkpoint 11641 | -6/Garrison | Triggered checkpoint 11656 | -6/Garrison | Triggered checkpoint 11712 | -6/Garrison | Discovered new exit (range 10) 11741 | -6/Garrison | Spotted B-86 Titan 11762 | -6/Garrison | Assimilated Titan 5a with formatsys_high 11785 | -6/Garrison | Rewired B-90 Cyclops 11846 | -6/Garrison | Triggered checkpoint 11958 | -6/Garrison | Triggered checkpoint 11977 | -6/Garrison | Discovered new exit (range 14) 12004 | -6/Garrison | Triggered checkpoint 12059 | -6/Garrison | Spotted B-75 Beast 12059 | -6/Garrison | Spotted B-75 Beast 12158 | -6/Garrison | Triggered checkpoint 12162 | -6/Garrison | Discovered new exit (range 15) 12195 | -6/Garrison | Expanded RIF knowledge: Threat Obfuscation 12248 | -6/Garrison | Triggered checkpoint 12288 | -6/Garrison | Garrison Relay disabled 12351 | -6/Garrison | Entered Factory 12351 | -5/Factory | Accompanied by 5 allies 12351 | -5/Factory | Evolved 2 slots: Utility x2 12354 | -5/Factory | Discovered new exit (range 9) 12392 | -5/Factory | Identified exit to Garrison 12422 | -5/Factory | Discovered new exit (range 14) 12601 | -5/Factory | Entered Garrison 12601 | -5/Garrison | Warlord forces raided the area 12601 | -5/Garrison | Accompanied by 3 allies 12634 | -5/Garrison | Warlord forces retreated 12656 | -5/Garrison | Triggered checkpoint 12742 | -5/Garrison | Triggered checkpoint 12768 | -5/Garrison | Triggered checkpoint 12796 | -5/Garrison | Discovered new exit (range 12) 12879 | -5/Garrison | Garrison Relay disabled 13024 | -5/Garrison | Garrison Relay disabled 13051 | -5/Garrison | Discovered new exit (range 14) 13288 | -5/Garrison | Triggered checkpoint 13378 | -5/Garrison | Expanded RIF knowledge: Structural Interface 13403 | -5/Garrison | Discovered new exit (range 4) 13425 | -5/Garrison | Entered Factory 13425 | -4/Factory | Accompanied by 6 allies 13425 | -4/Factory | Evolved 2 slots: Utility x2 13436 | -4/Factory | Discovered new exit (range 6) 13769 | -4/Factory | Garrison activated, responded to threat 13809 | -4/Factory | Identified exit to Garrison 13992 | -4/Factory | Entered Garrison 14016 | -4/Garrison | Found embedded Infiltrators 14034 | -4/Garrison | Triggered checkpoint 14073 | -4/Garrison | Garrison Relay disabled 14142 | -4/Garrison | Triggered checkpoint 14162 | -4/Garrison | Triggered checkpoint 14176 | -4/Garrison | Triggered checkpoint 14193 | -4/Garrison | Triggered checkpoint 14244 | -4/Garrison | Discovered new exit (range 14) 14355 | -4/Garrison | Discovered new exit (range 12) 14364 | -4/Garrison | Expanded RIF knowledge: Watcher Feeds 14420 | -4/Garrison | Triggered checkpoint 14437 | -4/Garrison | Garrison Relay disabled 14496 | -4/Garrison | Build established: Hacker-Mutant 14574 | -4/Garrison | Discovered new exit (range 11) 14624 | -4/Garrison | Triggered checkpoint 14708 | -4/Garrison | Entered Research 14708 | -3/Research | Evolved 2 slots: Utility x2 14725 | -3/Research | Identified exit to Garrison 14938 | -3/Research | Lost 5 parts (2p1n1u1w) 14948 | -3/Research | Entered Garrison 14971 | -3/Garrison | Expanded RIF knowledge: Program Shield 15013 | -3/Garrison | Spotted B-86 Titan 15015 | -3/Garrison | Triggered checkpoint 15018 | -3/Garrison | Triggered checkpoint 15019 | -3/Garrison | Core integrity fell below 50% 15038 | -3/Garrison | Triggered checkpoint 15043 | -3/Garrison | Core integrity fell below 20% 15044 | -3/Garrison | Discovered new exit (range 14) 15052 | -3/Garrison | Entered Research 15069 | -3/Research | Lost 12 parts (1p6n5u) 15099 | -3/Research | Discovered new exit (range 7) 15188 | -3/Research | Build established: Mutant 15245 | -3/Research | Destroyed by P-80 Master with Gamma Rifle Last Messages --------------- R005. 15158_ >> Watcher Feeds: Established visual feed link with W-44 Eye. 15163_ >> Watcher Feeds: Feed link from W-44 Eye lost. 15164_ >> Watcher Feeds: Established visual feed link with W-44 Eye. 15169_ System corrupted: Matter fused (-10). 15169_ W-44 Eye sends out distress signal. 15184_ Slug penetrates Wall. 15187_ System corrupted: Matter fused (-5). 15187_ Penetrated by Slug. 15191_ >> Watcher Feeds: Feed link from W-44 Eye lost. 15216_ Acquired Nuclear Pulse Array. 15221_ System corrupted: Energy discharge (-21). 15221_ RIF reveals location of hidden door. 15226_ >> Watcher Feeds: Established visual feed link with W-44 Eye. 15227_ RIF reveals location of hidden door. 15232_ >> Watcher Feeds: Established visual feed link with W-44 Eye. 15242_ K-01 Serf cleans the Meson Extractor. 15243_ >> Watcher Feeds: Feed link from W-44 Eye lost. 15245_ System corrupted: Matter fused (-10). 15245_ >> Watcher Feeds: Established visual feed link with W-44 Eye. Map ----- +----------------------------------------------------+ | ?????????????????????????????????????????????????? | | ?????????????????????????????????????????????????? | | ?????????????????????????????????????????????????? | | ?????????????????????????????????????????????????? | | ?????????????????????????????????????????????????? | | ?????????????????????????????????????????????????? | | ?????????????????????????????????????????????????? | | ?????????????????????????????????????????????????? | | ?????????????????????????????????????????????????? | | ?????????????????????????????????????????????????? | | ?#######+######??????????????????????????????????? | | ?? ku R???????????????????????????????????? | | ?? ????????????????????????????????????? | | ??? ?????????????????????????????????????? | | ???? ??????????????????????????????????????? | | ????#k #???????????????????????????????????????? | | ????# #???????????????????????????????????????? | | ????# wk #????????????????????????????????## #???? | | ????# A #???????????????????????????????? ???? | | ????# #?????????#?????????????????????# ???? | | ????# #?????????# ????????????????????# ???? | | ????# #?????????# ????????????????????+ +??? | | ????# #?????????# ???????????????????# #??? | | ????# #?????????# ???????????????????# #??? | | ????# #?######### ####+####??????????# #??? | | ????+ p @ #????####### #??? | | ????# #????# # #??? | | ????# #????# # #??? | | ????# #????# # +??? | | ????# ! #????# # #??? | | ????# =!! """ """ #????# # #??? | | ????B =!! ??""" """ #????# # #??? | | ????B =! """ k""" +????# # #??? | | ????# #????# # #??? | | ????? ] #????# # #??? | | ????? #????# # #### | | ?????####??##+#############+######## # # " | | ?????????????????????# #? # # " | | ?????????????????????# R ####+### # " | | ?????????????????????# w# # | | ?????????????????????# + # | | ?????????????????????# # # ! | | ?????????????????????# / + | | ?????????????????????# ## """ # | | ?????????????????????# ## """ #### | | ?????????????????????# ## """ #??? | | ?????????????????????# ## #??? | | ?????????????????????# ## #??? | | ?????????????????????# + #??? | | ?????????????????????##################### +??? | +----------------------------------------------------+ Best States ------------- Heat Dissipation 62 Energy Generation 25 Energy Capacity 1100 Matter Stores 300 Matter Capacity 300 Sight Range 18 Terrain Scan Density 10 Jamming Range 16 Armor Coverage 450 Evasion (%) 62 Targeting Accuracy 12 Armor Integrity Analysis 40 Recoil Reduction 4 Offensive Hacking 24 Defensive Hacking 10 Relay Coupler Types 7 Relay Coupler Value 308 Item Schematics ----------------- Adv. Heavy Siege Treads | -3/Research | Hacked Robot Schematics ------------------ O-16 Technician | -10/Materials | Hacked Fabricated ------------ Nothing Alien Tech Used ----------------- None Achievements -------------- None Challenges ------------ None Game ------ Seed MyomerArcArchive Manual? 0 Play Time 02:33:30 Cumulative 268.3 hours Start 2022.07.31 @ 17:03:26 End 2022.07.31 @ 20:55:43 Sessions 1 Manual Loads 0 Difficulty Rogue Special Mode None Game No. 317 Rogue 317 Adventurer 0 Explorer 0 Win Type - Total 11 Types 8/0/2/1/0/0/0/0/0 Lore% 70 Gallery% 87 Achievement% 74 Wizard Run 0 Options --------- ASCII 0 Keyboard 0 Movement Numpad Keybinds 0 Fullscreen 1 Font 18/Terminus Map View 76x50 Tactical HUD 1 Map Filters NONE Filters NONE Steam 1 RUN: ebeb6d8b-0f29-4487-bef5-485b2f54e2df